 Dungeon Crawl Stone Soup version 0.30-a0-1018-g25214051b3 (webtiles) character file.

Game seed: 7924884300474328596

151 EonDragon20 the Insei (level 5, -3/38 HPs)
             Began as a Merfolk Transmuter on Apr 7, 2023.
             Killed from afar by an orc wizard (10 damage)
             ... with a magic dart
             ... on level 3 of the Dungeon.
             The game lasted 00:18:44 (3406 turns).

EonDragon20 the Insei (Merfolk Transmuter)          Turns: 3406, Time: 00:18:45

Health: -3/38      AC:  2    Str: 12    XL:     5   Next: 33%
Magic:  5/8        EV: 20    Int: 13    God:
Gold:   173        SH:  0    Dex: 19    Spells: 3/9 levels left

rFire   . . .      SeeInvis +      - Unarmed
rCold   . . .      Faith    .    (shield currently unavailable)
rNeg    . . .      Spirit   .    a - melded +1 robe
rPois   .          Reflect  .    (helmet currently unavailable)
rElec   .          Rampage  .    (cloak currently unavailable)
rCorr   .                        e - melded +0 pair of gloves
Will    .....                    (boots currently unavailable)
Stlth   ++                       (no amulet)
HPRegen 0.26/turn                j - ring of poison resistance
MPRegen 0.11/turn                d - ring of see invisible

@: lethally poisoned (-3 -> -8), spider-form
A: venomous fangs, tiny, (nimble swimmer 2), (mertail)
a: End Transformation


You were on level 3 of the Dungeon.
You were a venomous arachnid creature.
You visited 1 branch of the dungeon, and saw 4 of its levels.

You collected 173 gold pieces.

Inventory:

Missiles
 h - a throwing net
Armour
 a - a +1 robe (melded)
 e - a +0 pair of gloves (melded)
Jewellery
 d - a ring of see invisible (right front pincers)
 j - a ring of poison resistance (left front pincers)
Scrolls
 l - 2 scrolls of identify
Potions
 b - a potion of lignification
 f - a potion of flight
 g - a potion of cancellation
 i - a potion of curing


   Skills:
 + Level 2.1 Fighting
 - Level 2.6 Dodging
 * Level 4.4 Unarmed Combat
 + Level 2.5 Spellcasting
 * Level 4.2 Transmutations
 * Level 2.0 Poison Magic


You had 3 spell levels left.
You knew the following spells:

 Your Spells              Type           Power      Damage    Failure   Level
a - Beastly Appendage     Tmut           24%        N/A       13%         1
b - Wereblood             Tmut           12%        N/A       17%         2
c - Spider Form           Tmut/Pois      9%         N/A       41%         3

Your spell library contained the following spells:

 Spells                   Type           Power      Damage    Failure   Level
 Magic Dart               Conj           4%         1d3       45%         1
 Blink                    Tloc           2%         N/A       58%         2
 Lesser Beckoning         Tloc           2%         N/A       58%         2
 Momentum Strike          Conj/Tloc      2%         3d8       58%         2
 Dazzling Flash           Conj/Hex       2%         N/A       78%         3
 Gell's Gravitas          Tloc           1%         N/A       78%         3
 Teleport Other           Tloc           1%         N/A       78%         3
 Ice Form                 Ice/Tmut       7%         N/A       86%         4
 Agony                    Necr           1%         N/A       100%        5
 Silence                  Hex/Air        0%         N/A       100%        5


Dungeon Overview and Level Annotations

Branches:
Dungeon (4/15)
 Temple: D:4-7

Altars:


Innate Abilities, Weirdness & Mutations

You are a venomous arachnid creature.
You have venomous fangs.
You are tiny and dextrous.
Your spellcasting is less reliable in this form.
Your armour is entirely melded.
You are incapable of wielding weapons or throwing items.
((You are very nimble when in or above water. (Stealth+, EV+, Speed+++)))
((Your lower body shifts to a powerful aquatic tail in water.))


Message History

* * * LOW HITPOINT WARNING * * *
The orc closely misses you. The orc attacks as you move away!
The orc misses you. The orc attacks as you move away!
The orc barely misses you. The orc completely misses you.
The orc wizard casts a spell.
The orc wizard flickers and vanishes for a moment.
The orc attacks as you move away! The orc hits you with a +0 flail!
* * * LOW HITPOINT WARNING * * *
Your transformation is almost over.
You feel better. The orc hits you with a +0 flail.
The orc hits you with a +0 hand axe!
* * * LOW HITPOINT WARNING * * *
Casting: Beastly Appendage (safe; 4% risk of failure)
Confirm with . or Enter, or press ? or * to list all spells.
You don't know that spell.
You feel better. The orc hits you with a +0 hand axe.
* * * LOW HITPOINT WARNING * * *
Okay, then.
Casting: Beastly Appendage (safe; 4% risk of failure)
Confirm with . or Enter, or press ? or * to list all spells.
The spell is quite dangerous to miscast (21% risk of failure)!
Continue anyway?
Your horns disappear.
You turn into a venomous arachnid creature.
Your +0 pair of gloves melds into your body.
Your +1 robe melds into your body.
Unknown command.
You hit the orc wizard.
The orc wizard is poisoned.
The orc wizard is moderately wounded.
You hit the orc wizard.
The orc wizard looks as sick as possible!
The orc wizard is heavily wounded.
The orc wizard hits you with a +1 dagger of venom.
* * * LOW HITPOINT WARNING * * *
You are poisoned.
* * * LOW HITPOINT WARNING * * *
You feel sick. The orc wizard casts a spell at you. The magic dart hits you!
You die...

..............................#
.............[..>...<....####.#
...................#..#######.#
.###........................#.#
.# #............o..#..###.###.#
.# #.###########ooo...# #.# #.#
.# #.# #o#.##.# #.# #.# .# #.#
#.#.##.# #.# #.# .# #.#
#s#.##.###.# #.# .###.#
#.#.##...#.# #.# ...).#
#.#.####.#.###.# .########
#.#............# .##.....#
######.######.#.#######
.##.###.###.....................#
.##.# #.##.....#.##.###.#.#..##.#
.##.# #........'..........#..##.#
..#.# ####.....#.####.#.###..##.#


You could see 2 orc wizards and 2 orcs.

Vanquished Creatures
  An orc priest (D:3)
  4 gnolls (D:2)
  An adder (D:2)
  2 dart slugs
  7 orcs (D:3)
  7 endoplasms
  4 giant cockroaches
  6 goblins
  4 hobgoblins
  7 quokkas
  4 ball pythons
  2 bats (D:2)
  4 frilled lizards (D:2)
  5 kobolds
  6 rats
64 creatures vanquished.

Notes
Turn   | Place    | Note
-------+----------+-------------------------------------------
     0 | D:1      | EonDragon20 the Merfolk Transmuter began the quest for the
                  | Orb.
     0 | D:1      | Reached XP level 1. HP: 15/15 MP: 3/3
   418 | D:1      | Reached XP level 2. HP: 21/21 MP: 3/5
   434 | D:1      | Learned a level 2 spell: Wereblood
  1008 | D:2      | Reached XP level 3. HP: 26/26 MP: 4/6
  1012 | D:2      | Learned a level 3 spell: Spider Form
  1186 | D:2      | Reached skill level 1 in Poison Magic
  1191 | D:2      | Reached XP level 4. HP: 13/33 MP: 4/7
  1268 | D:2      | Found a faded altar of an unknown god.
  1290 | D:2      | Got Plato's Compilation of Kinetic Energy
  2443 | D:3      | Reached XP level 5. HP: 38/38 MP: 2/8
  3406 | D:3      | Killed from afar by an orc wizard

Illustrated notes

Levels and vault maps discovered:
D:1:      dpeg_arrival_short_road, layout_basic
D:2:      minmay_recursive_quarters, layout_basic,
          shapermc_ecumenical_altar_rom_forum
D:3:      layout_basic
D:4:      layout_gridville, uniq_sigmund, uniq_edmund, uniq_crazy_yiuf_cottage

Skill      XL: |  1  2  3  4  5 |
---------------+----------------+-----
Transmutations | 3 4 |  4.2
Poison Magic   | 1 2 |  2.0
Unarmed Combat | 4 |  4.4
Fighting       | 2 |  2.1
Dodging        | |  2.6
Spellcasting   | |  2.5

Action                     |  1- 3 |  4- 6 || total
---------------------------+-------+-------++-------
  Melee: Unarmed           |    66 |   128 ||   194
         Headbutt          |    11 |    11 ||    22
   Cast: Beastly Appendage |    13 |    12 ||    25
         Spider Form       |     1 |     1 ||     2
         Wereblood         |       |     1 ||     1
    Use: Scroll            |     5 |     5 ||    10
         Potion            |       |     3 ||     3
   Stab: Sleeping          |       |     1 ||     1
 Armour: Robe              |    13 |    22 ||    35
  Dodge: Dodged            |    41 |    79 ||   120

Table legend: (Time is in decaauts)
 A = Elapsed time spent in this place.
 B = Non-inter-level travel time spent in this place.
 C = Inter-level travel time spent in this place.
 D = Time resting spent in this place.
 E = Time spent auto-exploring this place.
 F = Levels seen in this place.
 G = Mean time per level.
                   A        B        C        D        E       F      G
               +--------+--------+--------+--------+--------+-----+--------+
         Total |   3391 |   2939 |    452 |    409 |     27 |   4 |  847.8 |
       Dungeon |   3391 |   2939 |    452 |    409 |     27 |   4 |  847.8 |
               +--------+--------+--------+--------+--------+-----+--------+

Top non-repeatable levels by time:
     D:2: 1408 daAuts
     D:3: 1115 daAuts
     D:1: 862 daAuts
     D:4: 5 daAuts
